 Dungeon Crawl Stone Soup version 0.27-a0-1308-gc08437e49b (webtiles) character file.

Game seed: 4675925795848343260

46 zero the Gusty (level 3, 0/39 HPs)
             Began as a Draconian Air Elementalist on June 18, 2021.
             Succumbed to a kobold's poison
             ... on level 2 of the Dungeon.
             The game lasted 00:03:18 (2102 turns).

zero the Gusty (Draconian Air Elementalist)         Turns: 2102, Time: 00:03:18

Health: 0/39       AC: 21    Str: 11    XL:     3   Next: 44%
Magic:  5/6        EV:  2    Int: 15    God:
Gold:   39         SH:  0    Dex: 11    Spells: 3/6 levels left

rFire    . . .     SeeInvis .   h - +1 dagger
rCold    . . .     Faith    .   (no shield)
rNeg     + + +     Spirit   .   (armour unavailable)
rPois    +         Reflect  .   (helmet currently unavailable)
rElec    .         Harm     .   (cloak currently unavailable)
rCorr    .         Rampage  .   (gloves currently unavailable)
Will     .....     NoTele   +   (boots currently unavailable)
Stlth    ++........             (no amulet)
HPRegen  0.13/turn              (no ring)
MPRegen  0.10/turn              (no ring)

@: lethally poisoned (0 -> -8), tree-form
A: stationary, stasis, torment immunity, boosted hp, AC +5, unfitting armour,
(cold-blooded), mutation resistance 1, wild magic 1
a: no special abilities


You were on level 2 of the Dungeon.
You were a tree.
You visited 1 branch of the dungeon, and saw 2 of its levels.

You collected 39 gold pieces.

Inventory:

Hand Weapons
 h - a +1 dagger (weapon)
Missiles
 a - 17 poisoned darts
Armour
 g - a +0 pair of gloves (melded)
Magical Staves
 c - a staff of fire


   Skills:
 + Level 2.4 Dodging
 - Level 2.0 Stealth
 - Level 2.0 Spellcasting
 + Level 2.0 Conjurations
 + Level 3.5 Air Magic


You had 3 spell levels left.
You knew the following spells:

 Your Spells              Type           Power      Damage    Failure   Level
a - Shock                 Conj/Air       48%        1d6       11%         1
b - Static Discharge      Conj/Air       12%        N/A       16%         2

Your spell library contained the following spells:

 Spells                   Type           Power      Damage    Failure   Level
 Swiftness                Air            15%        N/A       22%         3
 Airstrike                Air            7%         N/A       54%         4
 Lightning Bolt           Conj/Air       6%         1d18      93%         5


Dungeon Overview and Level Annotations

Branches:
Dungeon (2/15)

Altars:

Annotations:
D:2 Robin


Innate Abilities, Weirdness & Mutations

You are a tree.
Your roots penetrate the ground, keeping you stationary.
You cannot be teleported.
You are immune to unholy pain and torment.
Your maximum health is greatly increased.
Your equipment is partially melded.
((Your plain brown scales are hard. (AC +5)))
You cannot fit into any form of body armour.
((You are cold-blooded and may be slowed by cold attacks.))
You are somewhat resistant to further mutation.
Your spells are a little harder to cast, but a little more powerful.


Message History

Robin of the Strong Arm comes into view.
They are wielding a +0 club and carrying a wand of flame (25).
Robin zaps a wand.
The puff of flame hits you! The kobold completely misses you.
Robin throws the goblin at you!
There are monsters nearby!
Casting: Shock (safe; 7% risk of failure)
Confirm with . or Enter, or press ? or * to list all spells.
The goblin is struck by an arc of lightning.
You kill the goblin!
The lightning grounds out.
The kobold hits you with a +0 whip.
The kobold throws a poisoned dart.
The poisoned dart misses you.
Robin zaps a wand.
The puff of flame hits you.
Items here: )) ††.
Robin roars a battlecry!
You hear a shout!
The kobold throws a poisoned dart.
The poisoned dart hits you!
You are lethally poisoned!
You feel very sick.
* * * LOW HITPOINT WARNING * * *
You feel sick.
The kobold throws a poisoned dart.
The poisoned dart closely misses you.
* * * LOW HITPOINT WARNING * * *
You feel sick.
* * * LOW HITPOINT WARNING * * *
You feel sick.
The kobold throws a poisoned dart.
The poisoned dart hits you!
You are more poisoned.
It was a potion of mutation.
You feel extremely strange.
A poisonous barb forms on the end of your tail.
You feel strong-willed.
You feel less in control of your magic.
* * * LOW HITPOINT WARNING * * *
You feel sick.
The kobold throws a poisoned dart.
The poisoned dart misses you.
It was a potion of lignification.
You turn into a tree.
Your +0 pair of gloves melds into your body.
Your roots penetrate the ground.
* * * LOW HITPOINT WARNING * * *
You feel sick.
The kobold throws a poisoned dart.
The poisoned dart hits you.
Really quaff the potion of mutation?
You feel extremely strange.
You no longer feel strong-willed.
The barb on your tail disappears.
You feel genetically stable.
You die...

#......# ##.##
#.####.######...## ##
#.####...........#
.###.##.†....###...##
........#....# ##.##
...#.####.#### #.#
##.#......# #####.#
##.######## #...#.#
##.# #...♣.# ##>#
#...### ...# ##K##
#### #.# #.# #.# #.#
#.#### #....#


You could see a kobold.

Vanquished Creatures
  A worm (D:2)
  A dart slug (D:2)
  A bat (D:1)
  5 endoplasms
  4 giant cockroaches
  5 goblins
  6 hobgoblins
  A quokka (D:2)
  2 ball pythons
  4 frilled lizards (D:1)
  5 kobolds
  A rat (D:1)
36 creatures vanquished.

Notes
Turn   | Place    | Note
-------+----------+-------------------------------------------
     0 | D:1      | zero the Draconian Air Elementalist began the quest for the
                  | Orb.
     0 | D:1      | Reached XP level 1. HP: 14/14 MP: 3/3
   384 | D:1      | Reached XP level 2. HP: 16/20 MP: 0/5
   387 | D:1      | Learned a level 2 spell: Static Discharge
  1591 | D:2      | Reached XP level 3. HP: 15/26 MP: 1/6
  2083 | D:2      | Noticed Robin
  2100 | D:2      | Gained mutation: Your tail ends in a poisonous barb.
                  | [potion of mutation]
  2100 | D:2      | Gained mutation: You are strong-willed. (Will+) [potion of
                  | mutation]
  2100 | D:2      | Gained mutation: Your spells are a little harder to cast,
                  | but a little more powerful. [potion of mutation]
  2101 | D:2      | HP: 1/39 [poisoned by a kobold]
  2102 | D:2      | Lost mutation: You are strong-willed. (Will+) [potion of
                  | mutation]
  2102 | D:2      | Lost mutation: Your tail ends in a poisonous barb. [potion
                  | of mutation]
  2102 | D:2      | Gained mutation: You are somewhat resistant to further
                  | mutation. [potion of mutation]
  2102 | D:2      | Succumbed to a kobold's poison

Illustrated notes

Levels and vault maps discovered:
D:1:      dpeg_arrival_circle_labyrinth_c, layout_basic
D:2:      layout_loops_cross, minmay_misc_feat_five, uniq_crazy_yiuf_cottage,
          uniq_robin, uniq_jessica

Skill      XL: |  1  2  3 |
---------------+----------+-----
Stealth        | 2 |  2.0
Dodging        | 2 |  2.4
Conjurations   | 2 |  2.0
Spellcasting   | |  2.0
Air Magic      | |  3.5

Action                   || total
-------------------------++-------
Melee: Unarmed           ||     7
       Whip              ||    28
       Dagger            ||    24
       Tailslap          ||     3
Throw: Dart              ||    43
 Cast: Shock             ||    44
       Static Discharge  ||     1
  Use: Scroll            ||     2
       Potion            ||     3
 Stab: Sleeping          ||     2
Armor: Skin              ||    31
Dodge: Dodged            ||    57

Table legend: (Time is in decaauts)
 A = Elapsed time spent in this place.
 B = Non-inter-level travel time spent in this place.
 C = Inter-level travel time spent in this place.
 D = Time resting spent in this place.
 E = Time spent auto-exploring this place.
 F = Levels seen in this place.
 G = Mean time per level.
                   A        B        C        D        E       F      G
               +--------+--------+--------+--------+--------+-----+--------+
         Total |   2110 |   1834 |    276 |    379 |   1138 |   2 | 1055.0 |
       Dungeon |   2110 |   1834 |    276 |    379 |   1138 |   2 | 1055.0 |
               +--------+--------+--------+--------+--------+-----+--------+

Top non-repeatable levels by time:
     D:1: 1717 daAuts
     D:2: 392 daAuts
